 Dungeon Crawl Stone Soup version 0.21.1-1-g345015f (webtiles) character file.

7669 tyranidshit the Fighter (level 10, -3/85 HPs)
             Began as a Demonspawn Abyssal Knight on July 26, 2018.
             Was a High Priest of Lugonu.
             Slain by Urug
             ... wielding a +7 demon trident
              (5 damage)
             ... on level 10 of the Dungeon.
             The game lasted 00:37:34 (8180 turns).

tyranidshit the Fighter (Demonspawn Abyssal Knight) Turns: 8180, Time: 00:37:35

Health: -3/85      AC: 21    Str: 15    XL:     10   Next: 99%
Magic:  0/16       EV:  5    Int: 14    God:    Lugonu [*****.]
Gold:   13         SH:  0    Dex: 13    Spells: 9/9 levels left

rFire    . . .     SeeInvis .   d - +4 hand axe
rCold    + . .     Gourm    .   (no shield)
rNeg     . . .     Faith    .   I - +1 plate armour of Ciucuw {Slay+2} (curse)
rPois    +         Spirit   +   (no helmet)
rElec    .         Reflect  .   l - +1 cloak
rCorr    .         Harm     .   m - +0 pair of gloves
MR       .....                  (no boots)
Stlth    ..........             g - amulet of guardian spirit
HPRegen  0.24/turn              A - ring of protection from cold (curse)
MPRegen  0.15/turn              k - ring of poison resistance

@: hasted, drained, very quick
A: claws 2, thin metallic scales 2, powered by death 3
a: Depart the Abyss, Bend Space, Banish, Corrupt, Enter the Abyss, Renounce
Religion


You were on level 10 of the Dungeon.
You worshipped Lugonu.
Lugonu was extremely pleased with you.
You were not hungry.

You visited 2 branches of the dungeon, and saw 11 of its levels.
You visited the Abyss 1 time.

You collected 461 gold pieces.
You spent 448 gold pieces at shops.

Inventory:

Hand Weapons
 a - a +2 hand axe
 b - the +11 dagger of Koolas {pierce, +Blink rF- Dex+2}
   (You bought it in a shop on level 9 of the Dungeon)

   It inflicts extra damage upon your enemies.
   It affects your dexterity (+2).
   It makes you vulnerable to fire.
   It lets you blink.
 d - a +4 hand axe (weapon)
 C - a +2 halberd of flaming
 E - a +0 demon whip of electrocution
Missiles
 s - a throwing net (quivered)
Armour
 l - a +1 cloak (worn)
 m - a +0 pair of gloves (worn)
 I - the cursed +1 plate armour of Ciucuw (worn) {Slay+2}
   (You found it on level 8 of the Dungeon)

   It affects your accuracy and damage with ranged weapons and melee attacks
   (+2).
   It has a curse placed upon it.
Magical Staves
 J - an uncursed staff of conjuration
Jewellery
 f - an uncursed amulet of rage
 g - an amulet of guardian spirit (around neck)
 k - a ring of poison resistance (right hand)
 r - an uncursed ring of magical power
 A - a cursed ring of protection from cold (left hand)
Wands
 v - a wand of flame (25)
 w - a wand of paralysis (13)
 G - a wand of polymorph (16)
Scrolls
 h - 4 scrolls of amnesia
 n - 2 scrolls of enchant weapon
 o - a scroll of magic mapping
 K - a scroll of teleportation
Books
 y - a book of Maledictions

   Spells                             Type                      Level
   a - Corona                         Hexes                        1
   b - Ensorcelled Hibernation        Hexes/Ice                    2
   c - Confuse                        Hexes                        3
   d - Tukima's Dance                 Hexes                        3
   e - Dazzling Spray                 Conjuration/Hexes            3
Comestibles
 c - 5 rations


   Skills:
 - Level 10.0(9.8) Fighting
 + Level 0.0 Short Blades
 - Level 5.9(5.7) Axes
 - Level 7.7(7.5) Armour
 - Level 0.8(0.6) Dodging
 - Level 9.1(8.9) Invocations
 - Level 6.7(6.5) Evocations


You had 9 spell levels left.
You didn't know any spells.

Dungeon Overview and Level Annotations

Branches:
Dungeon (10/15)            Temple (1/1) D:7            Lair (0/6) D:9
    Orc (0/2) D:9

Altars:
Ashenzari
Cheibriados
Dithmenos
Elyvilon
Fedhas
Gozag
Hepliaklqana
Kikubaaqudgha
Makhleb
Nemelex Xobeh
Okawaru
Qazlal
Ru
Sif Muna
Trog
Uskayaw
Vehumet
Wu Jian
Xom
Yredelemnul
Zin
The Shining One
Jiyva

Shops:
D:9 (

Annotations:
D:9 Psyche
D:10 Urug


Innate Abilities, Weirdness & Mutations

You have very sharp fingernails.
You are mostly covered in thin metallic scales. (AC +3)
You regenerate a lot of health from kills.


Message History

A gnoll comes into view. It is wielding a flail.
You slash Urug!
Urug is heavily wounded.
Urug hits you with an enchanted demon trident!
* * * LOW HITPOINT WARNING * * *
You feel yourself speed up.
Urug hits you with an enchanted demon trident.
You hit Urug.
Urug is severely wounded.
Urug hits you with an enchanted demon trident!!
* * * LOW HITPOINT WARNING * * *
You hit Urug.
Urug is severely wounded.
A gnoll comes into view. It is wielding a spear.
You hit Urug.
Urug is severely wounded.
You hit the gnoll but do no damage.
Urug screams, "Your bloody kin took my one good eye.
Now you die, harpy!"
Urug hits you with an enchanted demon trident.
You die...

#......... #........
#....g.. #......
.######.....#
#............g#
#............g#
#............o#####.#
#............g@.....+
#.........###########
#.........#
#.........#
#.........#
#.######..# #.# #..#
#.# #..# #.######..#


You could see Urug and 4 gnolls.

Vanquished Creatures
  A two-headed ogre (D:8)
  The ghost of aaksess the Blocker, a novice HuFi of Zin (D:9)
  An ugly thing (D:8)
  2 trolls (D:9)
  Prince Ribbit (D:9)
  A hippogriff (D:8)
  A hungry ghost (D:8)
  2 water moccasins (D:9)
  An ice beast (D:6)
  4 orc warriors
  3 sky beasts
  A necrophage (D:9)
  A centaur (D:8)
  6 ogres
  A big kobold (D:7)
  4 bullfrogs
  A gnoll sergeant (D:9)
  3 scorpions
  18 killer bees
  5 wights (D:10)
  6 howler monkeys
  4 crimson imps
  A quasit (D:8)
  A centaur zombie (D:7)
  4 jellies
  4 hounds
  5 orc wizards
  3 bullfrog skeletons
  3 centaur skeletons
  2 orc priests (D:9)
  2 iguanas (D:9)
  7 worker ants
  A hound zombie (D:9)
  28 gnolls
  7 adders
  2 shadow imps
  An adder zombie (D:8)
  2 adder skeletons
  3 worms
  2 dart slugs
  2 leopard geckos (D:2)
  25 orcs
  5 giant cockroaches
  10 goblins
  13 hobgoblins
  6 jackals
  7 quokkas
  3 ball pythons
  6 bats
  4 frilled lizards
  A jackal skeleton (D:6)
  14 kobolds
  A leopard gecko zombie (D:7)
  11 rats
  A spectral orc (D:6)
255 creatures vanquished.

Notes
Turn   | Place    | Note
-------+----------+-------------------------------------------
     0 | Abyss:1  | tyranidshit the Demonspawn Abyssal Knight began the quest for the Orb.
     0 | Abyss:1  | Reached XP level 1. HP: 18/18 MP: 2/2
    70 | Abyss:2  | Noticed a quasit
    71 | Abyss:2  | Noticed a large abomination
    71 | D:1      | Escaped the Abyss
   190 | D:1      | Reached * piety under Lugonu
   220 | D:1      | Gained mutation: You regenerate a little health from kills. [demonic ancestry]
   220 | D:1      | Reached XP level 2. HP: 8/24 MP: 3/3
   292 | D:1      | Reached skill level 4 in Fighting
   701 | D:2      | Gained mutation: You have sharp fingernails. [demonic ancestry]
   701 | D:2      | Reached XP level 3. HP: 21/30 MP: 2/4
   863 | D:2      | Noticed a scorpion
   887 | D:2      | Killed a scorpion
   887 | D:2      | Reached skill level 5 in Fighting
   887 | D:2      | Gained mutation: You regenerate health from kills. [demonic ancestry]
   887 | D:2      | Reached XP level 4. HP: 25/39 MP: 3/5
   916 | D:2      | Reached ** piety under Lugonu
  1117 | D:2      | Found a stormy altar of Qazlal.
  1502 | D:3      | Found a white marble altar of Elyvilon.
  2055 | D:4      | Gained mutation: You have very sharp fingernails. [demonic ancestry]
  2055 | D:4      | Reached XP level 5. HP: 44/44 MP: 6/6
  2066 | D:4      | Found a shadowy altar of Dithmenos.
  2118 | D:4      | Found a white marble altar of Elyvilon.
  2278 | D:4      | Noticed an ogre
  2496 | D:4      | Gained mutation: You are partially covered in thin metallic scales. (AC +2) [demonic ancestry]
  2496 | D:4      | Reached XP level 6. HP: 37/51 MP: 4/7
  2571 | D:4      | Reached skill level 5 in Armour
  3010 | D:5      | Entered Level 5 of the Dungeon
  3067 | D:5      | Gained mutation: You regenerate a lot of health from kills. [demonic ancestry]
  3067 | D:5      | Reached XP level 7. HP: 53/57 MP: 8/8
  3132 | D:5      | Reached *** piety under Lugonu
  3138 | D:5      | Reached skill level 6 in Fighting
  3251 | D:5      | Found a radiant altar of Vehumet.
  3654 | D:5      | Reached skill level 7 in Fighting
  3895 | D:6      | Found a deep blue altar of Sif Muna.
  3914 | D:6      | Reached skill level 1 in Evocations
  4116 | D:6      | Found a hide-covered altar of Uskayaw.
  4119 | D:6      | Found a shattered altar of Ashenzari.
  4133 | D:6      | Found an opulent altar of Gozag.
  4136 | D:6      | Found an iron altar of Okawaru.
  4165 | D:6      | Reached skill level 8 in Fighting
  4165 | D:6      | Gained mutation: You are mostly covered in thin metallic scales. (AC +3) [demonic ancestry]
  4165 | D:6      | Reached XP level 8. HP: 49/68 MP: 9/9
  4397 | D:6      | Reached skill level 9 in Fighting
  4497 | D:6      | Found a basalt altar of Yredelemnul.
  4709 | D:7      | You fall through a shaft for 2 floors!
  4757 | D:9      | Found Kamn's Antique Weapon Shop.
  4760 | D:9      | Bought a scorched morningstar for 252 gold pieces
  4760 | D:9      | Identified the cursed +3 morningstar of the Special Places {freeze, +Inv rElec} (You bought it in a shop on level 9 of the Dungeon)
  4858 | D:9      | Reached skill level 10 in Fighting
  4900 | D:9      | Reached **** piety under Lugonu
  4925 | D:9      | Found a staircase to the Lair.
  4964 | D:9      | Noticed Prince Ribbit
  4989 | D:9      | Killed Prince Ribbit
  4989 | D:9      | Reached XP level 9. HP: 38/78 MP: 9/12
  5013 | D:9      | Reached skill level 5 in Invocations
  5019 | D:9      | Found a staircase to the Orcish Mines.
  5045 | D:9      | Noticed aaksess's ghost (novice HuFi)
  5097 | D:9      | Noticed a two-headed ogre
  5116 | D:7      | Found a sacrificial altar of Ru.
  5142 | D:7      | HP: 2/78 [killer bee (4)]
  5751 | D:7      | Reached skill level 5 in Evocations
  5780 | D:7      | Found a staircase to the Ecumenical Temple.
  5807 | Temple   | Entered the Ecumenical Temple
  6132 | D:8      | Reached ***** piety under Lugonu
  6289 | D:8      | Found a burning altar of Makhleb.
  6377 | D:8      | Killed a two-headed ogre
  6377 | D:8      | Reached XP level 10. HP: 85/85 MP: 12/16
  6382 | D:8      | Noticed a deep elf mage
  6570 | D:9      | Noticed a cyclops
  6582 | D:9      | Banished a cyclops
  7000 | D:8      | Found a blossoming altar of Fedhas.
  7014 | D:8      | Noticed a green ugly thing
  7030 | D:8      | Killed a green ugly thing
  7057 | D:8      | HP: 4/85 [poisoned by a green ugly thing]
  7064 | D:8      | HP: 3/85 [poisoned by a green ugly thing]
  7071 | D:8      | HP: 3/85 [poisoned by a green ugly thing]
  7079 | D:8      | HP: 3/85 [poisoned by a green ugly thing]
  7349 | D:8      | Found a runed door.
  7552 | D:8      | Got a faintly humming plate armour
  7563 | D:8      | Identified the cursed +1 plate armour of Ciucuw {Slay+2} (You found it on level 8 of the Dungeon)
  7607 | D:9      | Noticed Psyche
  7768 | D:9      | Killed aaksess's ghost
  7768 | D:9      | Reached skill level 5 in Axes
  7782 | D:9      | Found an ornate altar of the Wu Jian Council.
  7958 | D:9      | Bought a crude dagger for 196 gold pieces
  7958 | D:9      | Identified the +11 dagger of Koolas {pierce, +Blink rF- Dex+2} (You bought it in a shop on level 9 of the Dungeon)
  8066 | D:10     | Entered Level 10 of the Dungeon
  8159 | D:10     | Noticed Urug
  8178 | D:10     | HP: 2/85 [Urug/enchanted demon trident (19)]
  8180 | D:10     | Slain by Urug

Skill      XL: |  1  2  3  4  5  6  7  8  9 10 |
---------------+-------------------------------+-----
Fighting       | 4 5 8 10 | 10.0
Armour         | 3 4 5 7 |  7.7
Evocations     | 1 3 6 |  6.7
Invocations    | 4 9 |  9.1
Axes           | 5 |  5.9
Dodging        | |  0.8

Action                   |  1- 3 |  4- 6 |  7- 9 | 10-12 || total
-------------------------+-------+-------+-------+-------++-------
Melee: Hand axe          |   103 |   248 |   275 |     9 ||   635
       Demon whip        |       |       |   330 |   200 ||   530
       Dagger            |       |       |       |    27 ||    27
Invok: Depart the Abyss  |     1 |       |       |       ||     1
       Bend Space        |       |       |     4 |       ||     4
       Banish            |       |       |       |     1 ||     1
 Abil: Evoke Berserk Rag |     1 |       |       |       ||     1
Evoke: Wand              |       |       |    10 |    17 ||    27
  Use: Scroll            |     2 |     6 |     9 |     3 ||    20
       Potion            |     2 |     5 |     7 |     3 ||    17
 Stab: Sleeping          |     1 |     3 |       |       ||     4
  Eat: Ration            |     1 |     2 |     4 |     1 ||     8
       Chunk             |       |       |       |     1 ||     1
Armor: Leather armour    |     6 |       |       |       ||     6
       Ring mail         |    16 |    49 |       |       ||    65
       Chain mail        |       |    94 |   191 |       ||   285
       Plate armour      |       |       |   562 |   255 ||   817
Dodge: Dodged            |    58 |   128 |   272 |    68 ||   526
